 Dungeon Crawl Stone Soup version 0.23.1 (webtiles) character file.

Game seed: 0

2236 Chiseanne the Slicer (level 9, -7/41 HPs)
             Began as a Spriggan Assassin on Mar 5, 2019.
             Was an Initiate of Gozag.
             Mangled by an orc warrior
             ... wielding a +0 long sword
              (18 damage)
             ... on level 7 of the Dungeon.
             The game lasted 00:22:54 (7823 turns).

Chiseanne the Slicer (Spriggan Assassin)            Turns: 7823, Time: 00:22:55

Health: -7/41      AC: 10    Str:  7    XL:     9   Next: 14%
Magic:  10/10      EV: 17    Int: 12    God:    Gozag
Gold:   252        SH:  0    Dex: 21    Spells: 8/8 levels left

rFire    . . .     SeeInvis +   a - +2 rapier (elec)
rCold    + . .     Gourm    .   (shield restricted)
rNeg     . . .     Faith    .   c - +0 robe
rPois    +         Spirit   .   (helmet restricted)
rElec    .         Reflect  .   G - +2 cloak {rPois}
rCorr    .         Harm     .   (gloves unavailable)
MR       +....                  (boots unavailable)
Stlth    +++++.....             (no amulet)
HPRegen  0.13/turn              o - +5 ring of protection
MPRegen  0.12/turn              n - ring of protection from cold

@: gold aura, very quick
A: very small, unfitting armour, see invisible, herbivore, speed 3, slow
metabolism 2
a: Potion Petition, Call Merchant, Bribe Branch, Renounce Religion


You were on level 7 of the Dungeon.
You worshipped Gozag.
Gozag was aware of your devotion.
You were not hungry.

You visited 1 branch of the dungeon, and saw 7 of its levels.
You also visited: Sewer.

You collected 1177 gold pieces.
You spent 144 gold pieces at shops.
You paid 781 gold pieces to Gozag.

Inventory:

Hand Weapons
 a - a +2 rapier of electrocution (weapon)
 s - the +3 trident of Karma {elec, Str+5 Int-3}
   (You found it on level 5 of the Dungeon)

   Occasionally, upon striking a foe, it will discharge some electrical energy
   and cause terrible harm.
   It affects your strength (+5).
   It affects your intelligence (-3).
 w - a +0 blowgun
Missiles
 e - 21 poisoned needles
 f - 2 curare-tipped needles
 h - 77 sling bullets
 i - 149 stones (quivered)
 j - 77 arrows
 l - 97 bolts
 E - 2 tomahawks of returning
Armour
 c - a +0 robe (worn)
 d - a +0 buckler
 G - a +2 cloak of poison resistance (worn)
Jewellery
 n - a ring of protection from cold (right hand)
 o - a +5 ring of protection (left hand)
 t - an uncursed ring of resist corrosion
Wands
 r - a wand of random effects (26)
 u - a wand of flame (24)
Scrolls
 b - a scroll of remove curse
 q - 2 scrolls of fear
 x - 2 scrolls of blinking
 D - a scroll of magic mapping
Potions
 m - 2 potions of lignification
 p - a potion of flight
 v - 4 potions of curing
 z - 2 potions of heal wounds
 A - a potion of brilliance
 B - 3 potions of agility
 C - 2 potions of might
 F - a potion of cancellation
 H - a potion of resistance {unknown}
Comestibles
 g - 11 rations


   Skills:
 - Level 1.5 Fighting
 + Level 11.5 Short Blades
 - Level 2.0 Throwing
 - Level 1.5 Dodging
 - Level 11.0 Stealth


You had 8 spell levels left.
You didn't know any spells.
Your spell library was empty.

Dungeon Overview and Level Annotations

Branches:
Dungeon (7/15)             Temple (0/1) D:7

Altars:
Gozag
Ru
Trog
Uskayaw
The Shining One

Shops:
D:4 (   D:7 [


Innate Abilities, Weirdness & Mutations

You are very small and have problems with some larger weapons.
You are too small for most types of armour.
You have supernaturally acute eyesight. (SInv)
You are a herbivore.
You cover ground extremely quickly.
You need to consume almost no food.


Message History

You kill the orc!
The orc priest misses you.
Things that are here:
4 gold pieces; a +0 dagger You barely miss the orc priest.
The orc priest mumbles some strange prayers to Beogh against you.
Beogh smites you!
You hit the orc priest.
The orc priest is lightly wounded.
You hit the orc priest.
The orc priest is moderately wounded.
The orc priest barely misses you.
You puncture the orc priest!
The orc priest is severely wounded.
The orc priest invokes the aid of Beogh against you.
Beogh smites you!
* * * LOW HITPOINT WARNING * * *
The orc warrior hits you with a +0 long sword!!
You die...
Your body crumbles into a pile of gold.

##.###.#.# ##(#.##...##
##.#.#.##...#####
#.#.#.#.#.......#
##.#[#.###..###.#
##.#.#.#.##..# #.#
#.#.#.#.#.#..###.#
##########oo...#.#
################@...#.#
....................#.#
...........>##)#....#.#
...###<......#........#
...# ######.....).#####
...# #.###..## ...#
#......# #### #.####.#
#.# #.#


You could see an orc warrior and an orc priest.

Vanquished Creatures
  A water moccasin (D:6)
  An ice beast (D:7)
  3 orc warriors
  A sky beast (D:6)
  4 centaurs
  2 big kobolds (Sewer)
  2 bullfrogs (D:6)
  A crimson imp (D:5)
  A bullfrog zombie (D:5)
  3 hounds
  2 jellies (D:6)
  4 orc priests (D:6)
  An iguana (D:4)
  10 orc wizards
  Crazy Yiuf (D:7)
  A bullfrog skeleton (D:6)
  A worker ant (D:6)
  A killer bee zombie (D:5)
  2 hound zombies (D:6)
  2 hound skeletons
  4 gnolls (D:7)
  4 river rats (Sewer)
  5 adders
  An ooze (D:6)
  An adder zombie (D:6)
  5 worms
  A dart slug (D:1)
  3 leopard geckos
  33 orcs
  4 bats
  2 giant cockroaches
  8 goblins
  6 hobgoblins
  3 jackals (D:6)
  18 kobolds
  3 quokkas
  6 ball pythons
  5 frilled lizards
  A jackal skeleton (D:6)
  A leopard gecko skeleton (D:4)
  A quokka zombie (D:5)
  27 rats
186 creatures vanquished.

Notes
Turn   | Place    | Note
-------+----------+-------------------------------------------
     0 | D:1      | Chiseanne the Spriggan Assassin began the quest for the
                  | Orb.
     0 | D:1      | Reached XP level 1. HP: 10/10 MP: 2/2
   313 | D:1      | Reached XP level 2. HP: 10/14 MP: 3/3
   827 | D:2      | Reached XP level 3. HP: 18/18 MP: 4/4
  1275 | D:2      | Found a faded altar of an unknown god.
  1820 | D:3      | Noticed a +0 dagger
  1820 | D:3      | Noticed a +0 hand axe
  1823 | D:3      | Found a hide-covered altar of Uskayaw.
  2281 | D:3      | Found a sacrificial altar of Ru.
  2299 | D:3      | Reached XP level 4. HP: 13/22 MP: 5/5
  2844 | D:4      | Found Qotyreolos's Weapon Emporium.
  2915 | D:4      | Reached XP level 5. HP: 10/25 MP: 6/6
  3191 | D:4      | Found an opulent altar of Gozag.
  3202 | D:4      | Became a worshipper of Gozag Ym Sagoz the Greedy
  3283 | D:4      | Found a bloodstained altar of Trog.
  3320 | D:4      | Reached skill level 10 in Stealth
  3691 | D:4      | Bought a +0 rapier of electrocution for 144 gold pieces
  3714 | D:5      | Entered Level 5 of the Dungeon
  4055 | D:5      | Reached XP level 6. HP: 30/30 MP: 7/7
  4434 | D:5      | Got a translucent trident
  4435 | D:5      | Identified the +3 trident of Karma {elec, Str+5 Int-3} (You
                  | found it on level 5 of the Dungeon)
  4724 | D:6      | Reached XP level 7. HP: 33/33 MP: 8/8
  4762 | D:6      | Reached skill level 5 in Short Blades
  5129 | D:6      | Found a glowing drain.
  5144 | Sewer    | Entered a sewer
  5421 | Sewer    | Reached XP level 8. HP: 37/37 MP: 9/9
  6389 | D:6      | Found a glowing golden altar of the Shining One.
  6703 | D:6      | Reached skill level 10 in Short Blades
  7285 | D:7      | Found a staircase to the Ecumenical Temple.
  7372 | D:7      | Reached XP level 9. HP: 40/41 MP: 10/10
  7428 | D:7      | Found a runed translucent door.
  7429 | D:7      | Noticed Crazy Yiuf
  7477 | D:7      | Killed Crazy Yiuf
  7768 | D:7      | Noticed a cyclops
  7823 | D:7      | Mangled by an orc warrior

Skill      XL: |  1  2  3  4  5  6  7  8 |
---------------+-------------------------+-----
Stealth        | 6 7 8 9 11 | 11.0
Short Blades   | 4 7 11 | 11.5
Fighting       | |  1.5
Throwing       | |  2.0
Dodging        | |  1.5

Action                   |  1- 3 |  4- 6 |  7- 9 || total
-------------------------+-------+-------+-------++-------
Melee: Dagger            |   121 |    76 |       ||   197
       Rapier            |       |    27 |   266 ||   293
       Trident           |       |     3 |       ||     3
 Fire: Blowgun           |    15 |     6 |    71 ||    92
Throw: Stone             |       |     1 |       ||     1
Invok: Call Merchant     |       |       |     1 ||     1
  Use: Scroll            |     5 |     5 |    11 ||    21
 Stab: Sleeping          |    12 |    10 |    16 ||    38
       Distracted        |     1 |       |     7 ||     8
       Paralysed         |     1 |       |       ||     1
  Eat: Ration            |       |     3 |       ||     3
Armor: Robe              |    12 |    14 |    63 ||    89
Dodge: Dodged            |    77 |    69 |   213 ||   359
